 Dungeon Crawl Stone Soup version 0.30-a0-576-g89cddaab80 (webtiles) character file.

Game seed: 18084209362743963832

1714 sokol815 the Covert (level 9, 0/51 HPs)
             Began as a Kobold Delver on Dec 30, 2022.
             Was an Initiate of Gozag.
             Splashed by a jelly's acid (1 damage)
             ... on level 6 of the Dungeon.
             The game lasted 00:10:58 (5884 turns).

sokol815 the Covert (Kobold Delver)                 Turns: 5884, Time: 00:10:59

Health: 0/51       AC: -8    Str:  9    XL:     9   Next: 24%
Magic:  9/9        EV: 18    Int: 11    God:    Gozag
Gold:   726        SH:  0    Dex: 21    Spells: 8/8 levels left

rFire   . . .      SeeInvis .    b - +0 short sword (protect)
rCold   . . .      Faith    .    (no shield)
rNeg    . . .      Spirit   .    o - +0 leather armour
rPois   .          Reflect  .    (no helmet)
rElec   .          Harm     .    t - +0 cloak
rCorr   .          Rampage  .    (no gloves)
Will    .....                    h - +0 pair of boots
Stlth   ++++++                   r - amulet of regeneration
HPRegen 1.08/turn                (no ring)
MPRegen 0.11/turn                (no ring)

@: corroded, under a protective aura
A: small, no large weapons, nightstalker 3
a: Renounce Religion, Potion Petition, Call Merchant, Bribe Branch


You were on level 6 of the Dungeon.
You worshipped Gozag.
Gozag was pleased with you.
You visited 2 branches of the dungeon, and saw 7 of its levels.
You also visited: Ossuary.

You collected 826 gold pieces.
You paid 100 gold pieces to Gozag.

Inventory:

Hand Weapons
 a - a +2 short sword of venom
   (You took it off a kobold on level 3 of the Dungeon)
 b - a +0 short sword of protection (weapon)
 l - a +2 dagger of venom
   (You found it on level 2 of the Dungeon)
Missiles
 e - 9 poisoned darts
 m - 2 boomerangs
 s - 64 stones
 w - a throwing net {!d}
Armour
 g - a +0 chain mail
   (You found it on level 1 of the Dungeon)
 h - a +0 pair of boots (worn)
   (You found it on level 1 of the Dungeon)
 o - a +0 leather armour (worn)
 t - a +0 cloak (worn)
   (You found it on level 5 of the Dungeon)
Magical Staves
 f - a staff of earth
   (You found it on level 1 of the Dungeon)
Jewellery
 c - a ring of ice {rC+, rF-}
   (You took it off a goblin on level 3 of the Dungeon)
 r - an amulet of regeneration (around neck)
   (You found it on level 5 of the Dungeon)
Wands
 d - a wand of digging (3)
 i - a wand of iceblast (5)
   (You found it on level 5 of the Dungeon)
Scrolls
 k - a scroll of torment {unknown}
 n - 4 scrolls of fog
 A - a scroll of noise {unknown}
 E - 4 scrolls of fear
 O - 2 scrolls of silence
 X - 2 scrolls of magic mapping {@r4!r}
Potions
 p - 5 potions of degeneration {unknown}
 q - a potion of mutation {unknown}
 u - a potion of resistance {unknown}
 v - a potion of lignification {unknown}
 x - a potion of flight {unknown}
 z - a potion of heal wounds {unknown}
 G - a potion of ambrosia {!q}
 J - 4 potions of curing {@q1}
 M - 3 potions of magic


   Skills:
 + Level 3.3 Fighting
 + Level 10.0 Short Blades
 + Level 6.0 Dodging
 - Level 12.0 Stealth


You had 8 spell levels left.
You didn't know any spells.
Your spell library contained the following spells:

 Spells                   Type           Power      Damage    Failure   Level
 Gell's Gravitas          Tloc           0%         N/A       83%         3
 Inner Flame              Hex/Fire       0%         N/A       83%         3
 Lesser Beckoning         Tloc           0%         N/A       83%         3
 Teleport Other           Tloc           0%         N/A       83%         3
 Cause Fear               Hex            0%         N/A       99%         4
 Discord                  Hex            0%         N/A       100%        8


Dungeon Overview and Level Annotations

Branches:
Dungeon (6/15) Zot: 26703  Temple (1/1) D:5 Zot: 5817 Ossuary (visited)

Altars:
Ashenzari
Dithmenos
Gozag
Kikubaaqudgha
Makhleb
Nemelex Xobeh
Qazlal
Sif Muna
Trog
Vehumet
Wu Jian
Xom
Yredelemnul
Zin
The Shining One

Shops:
D:1 [

Annotations:
D:4 1 runed translucent door, GiantSquids's ghost, amateur TeHu


Innate Abilities, Weirdness & Mutations

You are small and have problems with some larger weapons.
You are completely attuned to the shadows.


Message History

The shadow flickers and vanishes!
Deactivating autopickup; reactivate with Ctrl-A.
The shadow strikes at you from the darkness!
Reactivating autopickup.
You take 2 damage, and have 21/51 hp.
You closely miss the shadow. You hit the shadow. The shadow hits you.
You take 5 damage, and have 17/51 hp.
You barely miss the shadow. You hit the shadow. The shadow barely misses you.
You barely miss the shadow. You hit the shadow.
The shadow slips into darkness.
The shadow flickers and vanishes!
Deactivating autopickup; reactivate with Ctrl-A.
There is an open door here.
The shadow strikes at you from the darkness!
* * * LOW HITPOINT WARNING * * *
Reactivating autopickup.
You take 17 damage, and have 4/51 hp.
MASSIVE DAMAGE!!
You hit the shadow.
You destroy the shadow!
You now have 700 gold pieces (gained 5).
You regained 2 hp, and now have 6/51 hp.
You start resting.
Health restored: 51 You open the door.
You hear a distant slurping noise.
There is an open door here.
You open the door.
There is an open door here.
A necrophage comes into view.
The helpless necrophage fails to defend itself.
You spit the necrophage like a pig!!!
Your weapon exudes an aura of protection.
You destroy the necrophage!
Training target 12.0 for Stealth reached!
Your Stealth skill increases to level 12!
You need to enable at least one skill for training.
You now have 709 gold pieces (gained 9).
An adder comes into view.
The helpless adder fails to defend itself.
You stick the adder like a pincushion!!!!
Your weapon exudes an aura of protection.
You kill the adder!
You now have 715 gold pieces (gained 6).
You now have 726 gold pieces (gained 11).
You open the door.
There is an open door here.
You open the door.
You hear a distant slurping noise.
There is an open door here.
You hear a distant slurping noise.
You hear a squelching noise.
You hear a distant slurping noise.
You open the door.
There is an open door here.
A jelly is nearby!
The jelly barely misses you.
You hit the jelly.
Your weapon exudes an aura of protection.
Your hands burn!
You take 2 damage, and have 49/51 hp.
You hit the jelly.
Your hands burn!
The jelly misses you.
You take 1 damage, and have 48/51 hp.
You barely miss the jelly. You punch the jelly. You puncture the jelly!
The acid corrodes you!
Your hands burn!
The jelly completely misses you.
You take 4 damage, and have 45/51 hp.
You completely miss the jelly. You hit the jelly. The acid corrodes you!
Your hands burn!
The jelly completely misses you.
You take 5 damage, and have 41/51 hp.
You hit the jelly.
Your hands burn!
You take 2 damage, and have 39/51 hp.
You hit the jelly but do no damage.
Your hands burn!
The jelly closely misses you.
You take 1 damage, and have 38/51 hp.
You hit the jelly.
Your hands burn!
You take 4 damage, and have 34/51 hp.
You hit the jelly. The acid corrodes you!
Your hands burn!
The jelly hits you.
You are splashed with acid!
You take 13 damage, and have 21/51 hp.
MASSIVE DAMAGE!!
You hit the jelly but do no damage. The acid corrodes you!
Your hands burn!
You hit the jelly but do no damage. The acid corrodes you!
Your hands burn!
The jelly hits you. The acid corrodes you!
You are splashed with acid!
* * * LOW HITPOINT WARNING * * *
You take 12 damage, and have 9/51 hp.
MASSIVE DAMAGE!!
You hit the jelly but do no damage.
Your hands burn!
* * * LOW HITPOINT WARNING * * *
You take 4 damage, and have 5/51 hp.
You hit the jelly but do no damage. The acid corrodes you!
Your hands burn!
* * * LOW HITPOINT WARNING * * *
The jelly barely misses you.
You take 4 damage, and have 1/51 hp.
You hit the jelly but do no damage.
Your hands burn!
You die...
Your body crumbles into a pile of gold.

........,,,,,,,,,,,*,,*****,,,,,*
........,>,,,,,,,,,****,,,,,,,,,*
...#####*+*,,,,,,,,,,,,,,,,,,,,,*
...#,,*,,,*,,,,,,,,,,,,,,,,,,,,,*
...+,,+,,,**#+#......,,,,,,,,,$,*
...#,,**,,**..#......,,,,,,,,,,,*
...#,,**,,**,......###***+*,,,,,*
...#,,*,,,,,,,#J......*,,,*,,,,,*
...#,,*,,,,,,,#.@..#+**,,,+,,,,,*
...#######****#....+∩+,****,,,,,*
.........########..#+#,,,,,******
.........#......#.....,,,,,*,,,*
.........'......#.....,,,,,*,,,*
.........#............,,,,,*,,,*
.........#......#.....,,,,,+<,,*
,,.......#......#.....,,,,,*,,,*
,,,......#####.##.....,,,,,**,,*


You could see a jelly.

Vanquished Creatures
  A shadow (D:6)
  A black bear (D:5)
  An ogre (D:5)
  2 phantoms
  Blork the orc (D:4)
  3 necrophages
  A gnoll sergeant (D:4)
  A scorpion (D:5)
  4 water moccasin zombies (Ossuary)
  2 jellies
  2 orc priests
  An iguana (D:5)
  3 orc wizards
  2 mummies (Ossuary)
  15 gnolls
  9 adders
  An ufetubus (D:4)
  7 adder zombies (Ossuary)
  A worm (D:2)
  4 dart slugs
  10 orcs
  6 ball pythons
  9 endoplasms
  2 giant cockroaches (D:2)
  11 goblins
  6 hobgoblins
  16 jackals
  4 quokkas
  4 bats
  2 frilled lizards
  2 gnoll zombies (Ossuary)
  A goblin zombie (D:6)
  6 hobgoblin zombies (Ossuary)
  7 kobolds
  4 kobold zombies (Ossuary)
  4 orc zombies (Ossuary)
  4 rats
  A rat zombie (D:6)
161 creatures vanquished.

Notes
Turn   | Place    | Note
-------+----------+-------------------------------------------
     0 | D:5      | sokol815 the Kobold Delver began the quest for the Orb.
     0 | D:5      | Reached XP level 1. HP: 14/14 MP: 1/1
    13 | D:5      | Noticed a necrophage
    35 | D:5      | Noticed an ogre
    40 | D:5      | Noticed a scorpion
   123 | D:3      | Reached skill level 3 in Short Blades
   159 | D:2      | Reached skill level 4 in Short Blades
   159 | D:2      | Reached XP level 2. HP: 19/19 MP: 2/2
   289 | D:2      | Reached XP level 3. HP: 23/23 MP: 3/3
   761 | D:1      | Reached skill level 5 in Short Blades
   952 | D:1      | Found Miumu's Armour Emporium.
  1190 | D:1      | Reached XP level 4. HP: 28/28 MP: 4/4
  1415 | D:2      | Found a faded altar of an unknown god.
  2066 | D:3      | Reached skill level 6 in Short Blades
  2077 | D:3      | Reached XP level 5. HP: 18/32 MP: 5/5
  2511 | D:4      | Reached skill level 7 in Short Blades
  2539 | D:4      | Reached XP level 6. HP: 33/37 MP: 6/6
  2585 | D:4      | Reached skill level 8 in Short Blades
  2841 | D:5      | Reached skill level 9 in Short Blades
  3085 | D:5      | Noticed a black bear
  3093 | D:5      | Killed a black bear
  3094 | D:5      | Reached XP level 7. HP: 29/41 MP: 7/7
  3125 | D:5      | HP: 6/41 [gnoll/+0 spear (6)]
  3338 | D:5      | Reached skill level 10 in Short Blades
  3456 | D:5      | Found a staircase to the Ecumenical Temple.
  3470 | Temple   | Entered the Ecumenical Temple
  3576 | Temple   | Became a worshipper of Gozag Ym Sagoz the Greedy
  3716 | D:5      | Reached skill level 3 in Dodging
  3716 | D:5      | Reached skill level 7 in Stealth
  3820 | D:5      | Reached skill level 4 in Dodging
  3820 | D:5      | Reached XP level 8. HP: 46/46 MP: 8/8
  3836 | D:5      | Reached skill level 8 in Stealth
  4393 | D:4      | Found a runed translucent door.
  4397 | D:4      | Noticed GiantSquids's ghost (amateur TeHu)
  4421 | D:4      | Reached skill level 5 in Dodging
  4482 | D:4      | Reached skill level 9 in Stealth
  4524 | D:4      | Noticed Blork the orc
  4543 | D:4      | Killed Blork the orc
  5107 | D:4      | Reached skill level 6 in Dodging
  5303 | D:6      | Found a sand-covered staircase.
  5328 | Ossuary  | Entered an ossuary
  5395 | Ossuary  | Reached skill level 10 in Stealth
  5524 | Ossuary  | Reached XP level 9. HP: 51/51 MP: 9/9
  5588 | Ossuary  | Reached skill level 11 in Stealth
  5694 | D:6      | HP: 2/51 [something (19)]
  5769 | D:6      | Reached skill level 12 in Stealth
  5881 | D:6      | HP: 9/51 [acid (8)]
  5882 | D:6      | HP: 4/51 [acid (5)]
  5883 | D:6      | HP: 1/51 [acid (4)]
  5884 | D:6      | Splashed by a jelly's acid

Illustrated notes

Levels and vault maps discovered:
D:1:      wheals_arrival_linesprint, layout_loops_cross, serial_shops,
          nicolae_shop_waterfront, supply_closet_lemuel, minmay_tripent
D:2:      layout_rooms, hellmonk_ecumenical_altar_arch_garden,
          serial_bayou_pond_c
D:3:      layout_rooms
D:4:      layout_loops_corners, hellmonk_ghost_happy_afterlife,
          uniq_blork_the_orc
D:5:      layout_basic, minmay_temple_entry_statues_fountains
D:6:      layout_gridville, enter_ossuary_4, serial_shops,
          nicolae_shop_behind_doors, minmay_misc_feat_iff
Temple:   minmay_crystal_spiral_temple

Skill      XL: |  1  2  3  4  5  6  7  8  9 |
---------------+----------------------------+-----
Short Blades   | 4 5 6 7 9 10 | 10.0
Dodging        | 4 6 |  6.0
Stealth        | 7 10 12 | 12.0
Fighting       | |  3.3

Action                   |  1- 3 |  4- 6 |  7- 9 || total
-------------------------+-------+-------+-------++-------
Melee: Short sword       |    69 |   131 |   403 ||   603
       Dagger            |       |    11 |       ||    11
       Punch             |       |     2 |     7 ||     9
  Use: Scroll            |     1 |     5 |     4 ||    10
       Potion            |     1 |       |     1 ||     2
 Stab: Sleeping          |    16 |    12 |    27 ||    55
       Distracted        |       |       |     3 ||     3
Armor: Leather armour    |    21 |    19 |    54 ||    94
Dodge: Dodged            |    33 |    62 |   170 ||   265

Table legend: (Time is in decaauts)
 A = Elapsed time spent in this place.
 B = Non-inter-level travel time spent in this place.
 C = Inter-level travel time spent in this place.
 D = Time resting spent in this place.
 E = Time spent auto-exploring this place.
 F = Levels seen in this place.
 G = Mean time per level.
                   A        B        C        D        E       F      G
               +--------+--------+--------+--------+--------+-----+--------+
         Total |   5608 |   5389 |    219 |    480 |   3915 |   8 |  701.0 |
       Dungeon |   5203 |   5060 |    143 |    480 |   3718 |   6 |  867.2 |
        Temple |    182 |    106 |     76 |      0 |     88 |   1 |  182.0 |
       Ossuary |    222 |    222 |      0 |      0 |    109 |   1 |  222.0 |
               +--------+--------+--------+--------+--------+-----+--------+

Top non-repeatable levels by time:
     D:5: 1327 daAuts
     D:4: 1208 daAuts
     D:1: 930 daAuts
     D:3: 738 daAuts
     D:2: 701 daAuts
     D:6: 297 daAuts
 Ossuary: 222 daAuts
  Temple: 182 daAuts

Table legend:
 A = Kills in this place as a percentage of kills in entire the game.
 B = Kills by you in this place as a percentage of kills by you in the entire game.
 C = Kills by friends in this place as a percentage of kills by friends in the entire game.
 D = Other kills in this place as a percentage of other kills in the entire game.
 E = Experience gained in this place as a percentage of experience gained in the entire game.
 F = Experience gained in this place divided by the number of levels of this place that you have seen.
                   A       B       C       D       E      F
               +-------+-------+-------+-------+-------+----------------------
         Total | 100.0 | 100.0 |   N/A |   N/A | 100.0 | 306.1
       Dungeon |  82.0 |  82.0 |   N/A |   N/A |  82.9 | 338.5
       Ossuary |  18.0 |  18.0 |   N/A |   N/A |  17.1 | 418.0
               +-------+-------+-------+-------+-------+----------------------
